 Dungeon Crawl Stone Soup version 0.14-a0-2034-gd6cb3fa (webtiles) character file.

172 Piginabag the Poker (level 4, -3/32 HPs)
             Began as a Formicid Gladiator on Jan 20, 2014.
             Killed from afar by Ijyb (7 damage)
             ... with a wand of magic darts
             ... on Level 3 of the Dungeon.
             The game lasted 00:04:45 (2113 turns).

Piginabag the Poker (Formicid Gladiator)            Turns: 2113, Time: 00:04:45

HP  -3/32        AC  4     Str 20      XL: 4   Next: 44%
MP  13/13        EV 12     Int  7      God:
Gold 114         SH  0     Dex 12      Spells:  0 memorised,  3 levels left

rFire  . . .     SeeInvis +     a - +0 trident
rCold  . . .     Clarity  .     b - +0 leather armour
rNeg   . . .     Conserve .     (no shield)
rPois  x         rCorr    .     (helmet unavailable)
rElec  .         rRot     .     (no cloak)
SustAb . .       Spirit   .     (no gloves)
rMut   .         Warding  .     (no boots)
Saprov . . .     Stasis   +     (no amulet)
MR     .....                    g - cursed ring of hunger
                                c - ring of magical power

@: not resistant to hostile enchantments, unstealthy
A: permanent stasis, dig shafts and tunnels, four strong arms, poison weakness,
antennae 3, exoskeleton 1
a: Dig, Shaft Self


You were on level 3 of the Dungeon.
You were hungry.

You visited 1 branch of the dungeon, and saw 3 of its levels.

You collected 114 gold pieces.

Inventory:

Hand weapons
 a - a +0,+0 trident (weapon)
Missiles
 d - 3 throwing nets (quivered)
Armour
 b - a +0 leather armour (worn)
Comestibles
 i - a meat ration
Scrolls
 e - 2 scrolls of amnesia {unknown}
 h - 2 scrolls of identify {unknown}
 j - a scroll of random uselessness {unknown}
 k - 3 scrolls of magic mapping {unknown}
 m - 2 scrolls of teleportation {unknown}
 n - a scroll of enchant weapon II {unknown}
 o - a scroll of noise {unknown}
 p - 2 scrolls of enchant armour {unknown}
Jewellery
 c - a ring of magical power (left hand)
 g - a cursed ring of hunger (right hand)
Books
 l - a book of Air

   Spells                             Type                      Level
   Shock                              Conjuration/Air              1
   Swiftness                          Charms/Air                   2
   Repel Missiles                     Charms/Air                   2
   Flight                             Charms/Air                   3
   Static Discharge                   Conjuration/Air              3
   Lightning Bolt                     Conjuration/Air              5


   Skills:
 + Level 2.6 Fighting
 + Level 4.1 Polearms
 - Level 1.5 Throwing
 + Level 0.8 Armour
 - Level 2.6 Dodging
 + Level 1.0 Stealth


You had 3 spell levels left.
You didn't know any spells.

Dungeon Overview and Level Annotations

Branches:
Dungeon (3/16)

Altars:

Annotations:
D:3 Ijyb


Innate Abilities, Weirdness & Mutations

Your are under a permanent stasis effect.
You can dig through walls and to a lower floor.
Your four strong arms can wield any weapon, most with a shield.
You are susceptible to poison.
You have a pair of large antennae on your head (SInv).
Your body is surrounded by an exoskeleton. (HP +5, AC +1)


Message History

You hit Ijyb.
Ijyb is moderately wounded.
Ijyb barely misses you.
You barely miss Ijyb.
Ijyb is moderately wounded.
Ijyb zaps a wand.
The magic dart hits you!
* * * LOW HITPOINT WARNING * * *
You are feeling hungry.
You closely miss Ijyb.
Ijyb is moderately wounded.
Ijyb zaps a wand.
The magic dart hits you!
* * * LOW HITPOINT WARNING * * *
You hit Ijyb but do no damage.
Ijyb is moderately wounded.
Ijyb hits you but does no damage.
You hit Ijyb but do no damage.
Ijyb is moderately wounded.
Ijyb grins evilly.
Ijyb zaps a wand.
The magic dart hits you!
You die...

####.. .#....# #.#....#
# #.#....# # #########
#.#....# # #.......#
#.#....# # #.......#
#.#....# # #...g...#
###.#....### #....@..#
#...........
#.......###....####...
#.......##.....# #...
..[..............####.(.
..#.......###.####.#.###
######### #.# #.#.## #
#.# ##.#.# #
#.###.#.####
#....####...


You could see Ijyb.

Vanquished Creatures
  2 adders (D:2)
  A giant gecko (D:1)
  A giant cockroach (D:1)
  3 hobgoblins
  6 kobolds
  3 ball pythons
  5 bats
  A giant newt (D:1)
  10 goblins
  2 quokkas
  9 rats
43 creatures vanquished.

Notes
Turn   | Place    | Note
--------------------------------------------------------------
     0 | D:1      | Piginabag, the Formicid Gladiator, began the quest for the Orb.
     0 | D:1      | Reached XP level 1. HP: 17/17 MP: 1/1
   245 | D:1      | Reached XP level 2. HP: 18/22 MP: 2/2
   438 | D:1      | Reached XP level 3. HP: 26/26 MP: 3/3
  1231 | D:2      | Reached skill level 4 in Polearms
  1231 | D:2      | Reached skill level 1 in Stealth
  1231 | D:2      | Reached XP level 4. HP: 21/32 MP: 4/4
  2101 | D:3      | Noticed Ijyb
  2113 | D:3      | Killed from afar by Ijyb

Action                   |  1- 3 |  4- 6 || total
-------------------------+-------+-------++-------
Melee: Trident           |    86 |    40 ||   126
  Use: Potion            |       |     3 ||     3
 Stab: Sleeping          |       |     2 ||     2
